 Dungeon Crawl Stone Soup version 0.32-a0-673-g3729bd50f8 (webtiles) character file.

Game seed: 16990015025727660831

2272 shadizar the Magician (level 9, -2/68 HPs)
             Began as a Djinni Conjurer on Mar 10, 2024.
             Was a Follower of Makhleb.
             Shot with an arrow by a centaur (8 damage)
             ... on level 6 of the Dungeon.
             The game lasted 00:08:15 (5374 turns).

shadizar the Magician (Djinni Conjurer)             Turns: 5374, Time: 00:08:16

Health: -2/68      AC:  6    Str: 12    XL:     9   Next: 65%
Gold:   312        EV: 11    Int: 25    God:    Makhleb [*.....] SH:  4 Dex: 11

rFire   + + .        (no weapon)
rCold   x . .        d - +0 buckler
rNeg    . . .        h - +0 leather armour
rPois   ∞            t - +0 helmet
rElec   .            i - +0 cloak
rCorr   .            w - +0 pair of gloves
SInv    .            (boots unavailable)
Will    .....        (no amulet)
Stlth   +            f - +6 ring of strength
HPRegen 0.31/turn    (no ring)
MPRegen 0.00/turn

%: infuse magic (-3 HP)
@: flying
A: sickness immunity, fire resistance 2, cold vulnerability 1, float, innate
caster, HP casting, extra vitality 1
a: Renounce Religion


You were on level 6 of the Dungeon.
You worshipped Makhleb.
Makhleb was aware of your devotion.
You visited 2 branches of the dungeon, and saw 8 of its levels.

You collected 312 gold pieces.

Inventory:

Armour
 a - a +0 robe
 d - a +0 buckler (worn)
 h - a +0 leather armour (worn)
 i - a +0 cloak (worn)
 t - a +0 helmet (worn)
 w - a +0 pair of gloves (worn)
Jewellery
 f - a +6 ring of strength (left hand)
Scrolls
 b - 3 scrolls of identify {unknown}
 g - a scroll of brand weapon {unknown}
 j - 2 scrolls of noise {unknown}
 k - 2 scrolls of teleportation {unknown}
 n - 3 scrolls of fear {unknown}
 o - a scroll of fog {unknown}
 p - 2 scrolls of enchant armour {unknown}
 r - a scroll of vulnerability {unknown}
 v - a scroll of enchant weapon {unknown}
Potions
 e - a potion of mutation {unknown}
 l - 2 potions of might
 m - 2 potions of berserk rage {unknown}
 q - a potion of haste
 s - a potion of degeneration {unknown}
 u - a potion of cancellation {unknown}


   Skills:
 + Level 7.3 Fighting
 - Level 2.1 Dodging
 - Level 1.5 Stealth
 - Level 4.2 Shields
 - Level 7.6 Spellcasting
 - Level 7.6 Conjurations
 - Level 7.6 Hexes
 - Level 7.6 Summonings
 - Level 7.6 Necromancy
 - Level 7.6 Translocations
 - Level 7.6 Fire Magic
 - Level 7.6 Ice Magic
 - Level 7.6 Air Magic
 - Level 7.6 Earth Magic
 - Level 7.6 Alchemy


You knew the following spells:

 Your Spells              Type           Power      Damage    Failure   Level
a - Magic Dart            Conj           100%       1d8       1%          1
b - Searing Ray           Conj           94%        2d7       1%          2
c - Fulminant Prism       Conj/Alch      23%        3d12      4%          4
d - Iskenderun's Mystic   Conj/Tloc      47%        2d10      4%          4
e - Sting                 Conj/Alch      100%       1d9       1%          1
f - Static Discharge      Conj/Air       94%        3-7/arc   1%          2
g - Volatile Blastmotes   Fire/Tloc      94%        2d17      1%          3
h - Passage of Golubria   Tloc           47%        N/A       4%          4
Your spell library was empty.

Dungeon Overview and Level Annotations

Branches:
Dungeon (7/15)             Temple (1/1) D:5

Altars:
Ashenzari
Cheibriados
Dithmenos
Fedhas
Gozag
Makhleb
Nemelex Xobeh
Okawaru
Qazlal
Ru
Trog
Uskayaw
Wu Jian
Xom
Yredelemnul
Zin
The Shining One


Innate Abilities, Weirdness & Mutations

You are immune to sickness and miasma.
You are immune to poison.
Your flesh is very heat resistant. (rF++)
You are vulnerable to cold. (rC-)
You float through the air rather than walking.
You learn spells naturally, not from books.
Your magical power is your life essence.
You have superior vitality. (+4 MHP)


Message History

The magic dart hits the white imp but does no damage.
The white imp is heavily wounded.
The magic dart hits the white imp but does no damage.
The white imp is heavily wounded.
The white imp gestures at you. The puff of frost hits you!
You feel a terrible chill!
The magic dart hits the white imp.
The white imp is severely wounded.
The magic dart hits the white imp.
The white imp is almost dead.
The magic dart hits the white imp.
The white imp is almost dead.
The white imp spits at you.
The magic dart hits the white imp but does no damage.
The white imp is almost dead.
The magic dart hits the white imp.
You kill the white imp!
Makhleb accepts your kill.
A hornet comes into view.
The hornet buzzes angrily.
There is a stone staircase leading up here.
You fly upwards.
The centaur wields a +0 shortbow.
The centaur shoots an arrow.
The arrow hits you.
The centaur shoots an arrow.
The arrow closely misses you.
The centaur shoots an arrow.
The arrow hits you!
The centaur shoots an arrow.
The arrow hits you!
* * * LOW HITPOINT WARNING * * *
The centaur shoots an arrow.
The arrow hits you!
* * * LOW HITPOINT WARNING * * *
The centaur shoots an arrow.
You block the arrow.
There is a stone staircase leading down here.
Unknown command.
Unknown command.
Unknown command.
Unknown command.
Unknown command.
Unknown command.
The centaur shoots an arrow.
The arrow hits you.
* * * LOW HITPOINT WARNING * * *
The centaur shoots an arrow.
The arrow hits you!
You die...

#..##...............
#...............#...
##..c..c.#.....#....#
######....(#............####
#..........c..####..........
#......###...........#.##.#
#......##........##.......##
######......#....#[.#.......
#.#...@.......##.......
#....##................
#..####.##.....<.......
##..###.......###.......
#..##.........# .......
#............## ####...
#.###........###... .. ###
#..............# .
#.............##


You could see 3 centaurs.

Vanquished Creatures
  Prince Ribbit (D:5)
  2 orc warriors (D:7)
  2 ice beasts (D:7)
  A sky beast (D:7)
  An ogre (D:7)
  A phantom (D:5)
  2 bullfrogs (D:7)
  A kobold brigand (D:7)
  4 scorpions
  4 wights (D:5)
  2 vampire bats (D:7)
  2 howler monkeys (D:7)
  A bombardier beetle (D:7)
  A hound (D:4)
  2 orc priests
  Jessica (D:2)
  5 iguanas
  3 orc wizards
  A gnoll bouda (D:7)
  4 gnolls
  11 adders
  A white imp (D:7)
  2 ufetubi (D:7)
  2 ribbon worms
  3 dart slugs
  18 orcs
  9 endoplasms
  3 giant cockroaches
  7 goblins
  5 hobgoblins
  4 jackals (D:1)
  12 kobolds
  4 quokkas
  7 ball pythons
  11 bats
  4 frilled lizards
  4 rats
148 creatures vanquished.

Notes
Turn   | Place    | Note
-------+----------+-------------------------------------------
     0 | D:1      | shadizar the Djinni Conjurer began the quest for the Orb.
     0 | D:1      | shadizar set off with the following spells memorised: Magic
                  | Dart, Searing Ray, Fulminant Prism, Iskenderun's Mystic
                  | Blast.
     0 | D:1      | Reached XP level 1. HP: 15/15 MP: 0/0
   143 | D:1      | Reached XP level 2. HP: 16/21 MP: 0/0
   226 | D:1      | Reached XP level 3. HP: 23/25 MP: 0/0
   226 | D:1      | Learned a level 1 spell: Sting
   828 | D:2      | Reached XP level 4. HP: 30/31 MP: 0/0
  1201 | D:2      | Noticed Jessica
  1205 | D:2      | Reached skill level 5 in Spellcasting
  1205 | D:2      | Reached skill level 5 in Conjurations
  1205 | D:2      | Reached skill level 5 in Hexes
  1205 | D:2      | Reached skill level 5 in Summonings
  1205 | D:2      | Reached skill level 5 in Necromancy
  1205 | D:2      | Reached skill level 5 in Translocations
  1205 | D:2      | Reached skill level 5 in Fire Magic
  1205 | D:2      | Reached skill level 5 in Ice Magic
  1205 | D:2      | Reached skill level 5 in Air Magic
  1205 | D:2      | Reached skill level 5 in Earth Magic
  1205 | D:2      | Reached skill level 5 in Alchemy
  1205 | D:2      | Reached XP level 5. HP: 26/35 MP: 0/0
  1205 | D:2      | Learned a level 2 spell: Static Discharge
  1206 | D:2      | Killed Jessica
  2408 | D:3      | Reached XP level 6. HP: 36/40 MP: 0/0
  2540 | D:4      | Reached skill level 1 in Shields
  2681 | D:4      | Found a basalt altar of Yredelemnul.
  2684 | D:4      | Found a glowing golden altar of the Shining One.
  3136 | D:5      | Entered Level 5 of the Dungeon
  3157 | D:5      | Reached XP level 7. HP: 28/45 MP: 0/0
  3157 | D:5      | Learned a level 3 spell: Volatile Blastmotes
  3170 | D:4      | HP: 1/45 [scorpion (7)]
  3378 | D:5      | Noticed Prince Ribbit
  3384 | D:5      | Killed Prince Ribbit
  3438 | D:5      | Reached XP level 8. HP: 45/50 MP: 0/0
  3495 | D:5      | Found a staircase to the Ecumenical Temple.
  3512 | Temple   | Found a transporter.
  3512 | Temple   | Found a transporter.
  3512 | Temple   | Found a transporter.
  3512 | Temple   | Found a transporter.
  3512 | Temple   | Entered the Ecumenical Temple
  3530 | Temple   | Became a worshipper of Makhleb the Destroyer
  4348 | D:6      | Reached skill level 1 in Fighting
  4774 | D:7      | Reached XP level 9. HP: 54/61 MP: 0/0
  4774 | D:7      | Learned a level 4 spell: Passage of Golubria
  4798 | D:7      | Reached skill level 5 in Fighting
  5107 | D:7      | Reached * piety under Makhleb
  5369 | D:7      | Noticed a hornet
  5374 | D:6      | Shot with an arrow by a centaur

Illustrated notes

Levels and vault maps discovered:
D:1:      scummos_arrival_simple_crosswalls, layout_loops_ring
D:2:      layout_loops_ring, uniq_jessica
D:3:      layout_basic
D:4:      layout_cave_pools, mainiacjoe_overflow_boulevard,
          mainiacjoe_overflow_cross_hatched, serial_rivers,
          chequers_serial_rivers_micro_d, chequers_serial_rivers_micro_e,
          chequers_serial_rivers_micro_d, chequers_serial_rivers_small_b,
          chequers_serial_rivers_small_a
D:5:      layout_loops_ring, minmay_temple_entry_waves, uniq_prince_ribbit1
D:6:      layout_rooms, uniq_eustachio
D:7:      minmay_chambers_of_sevens, layout_rooms, roderic_batcave,
          kennysheep_generic_room_14
Temple:   hellmonk_temple_divided_pantheon

Skill      XL: |  1  2  3  4  5  6  7  8  9 |
---------------+----------------------------+-----
Spellcasting   | 4 5 6 7 |  7.6
Conjurations   | 4 5 6 7 |  7.6
Hexes          | 4 5 6 7 |  7.6
Summonings     | 4 5 6 7 |  7.6
Necromancy     | 4 5 6 7 |  7.6
Translocations | 4 5 6 7 |  7.6
Fire Magic     | 4 5 6 7 |  7.6
Ice Magic      | 4 5 6 7 |  7.6
Air Magic      | 4 5 6 7 |  7.6
Earth Magic    | 4 5 6 7 |  7.6
Alchemy        | 4 5 6 7 |  7.6
Shields        | 2 4 |  4.2
Fighting       | 3 7 |  7.3
Dodging        | |  2.1
Stealth        | |  1.5

Action                     |  1- 3 |  4- 6 |  7- 9 || total
---------------------------+-------+-------+-------++-------
   Cast: Magic Dart        |    62 |   135 |   127 ||   324
         Searing Ray       |       |     3 |    25 ||    28
         Iskenderun's Myst |       |       |    13 ||    13
    Use: Potion            |       |       |     4 ||     4
 Armour: Leather armour    |       |     5 |    49 ||    54
  Dodge: Dodged            |     7 |     8 |    27 ||    42
  Block: Buckler           |       |     1 |    10 ||    11

Table legend: (Time is in decaauts)
 A = Elapsed time spent in this place.
 B = Non-inter-level travel time spent in this place.
 C = Inter-level travel time spent in this place.
 D = Time resting spent in this place.
 E = Time spent auto-exploring this place.
 F = Levels seen in this place.
 G = Mean time per level.
                   A        B        C        D        E       F      G
               +--------+--------+--------+--------+--------+-----+--------+
         Total |   5355 |   5217 |    138 |      0 |   4392 |   8 |  669.4 |
       Dungeon |   5320 |   5182 |    138 |      0 |   4392 |   7 |  760.0 |
        Temple |     35 |     35 |      0 |      0 |      0 |   1 |   35.0 |
               +--------+--------+--------+--------+--------+-----+--------+

Top non-repeatable levels by time:
     D:7: 961 daAuts
     D:4: 942 daAuts
     D:3: 925 daAuts
     D:1: 814 daAuts
     D:5: 806 daAuts
     D:2: 747 daAuts
     D:6: 121 daAuts
  Temple: 35 daAuts
